 Dungeon Crawl Stone Soup version 0.29.1-13-g9f3cf754e1 (webtiles) character file.

Game seed: 6004632744945969814

118932 nightchill the Warrior (level 16, -14/142 HPs)
             Began as a Minotaur Fighter on Jan 24, 2023.
             Was a High Priest of Hepliaklqana.
             Demolished by a bunyip (24 damage)
             ... while paralysed by a fenstrider witch
             ... on level 2 of the Swamp on Jan 25, 2023.
             The game lasted 01:40:02 (31469 turns).

nightchill the Warrior (Minotaur Fighter)          Turns: 31469, Time: 01:40:02

Health: -14/142    AC: 23    Str: 31    XL:     16   Next: 26%
Magic:  16/16      EV:  2    Int:  5    God:    Hepliaklqana [*****.]
Gold:   1985       SH:  0    Dex: 17    Spells: 15/15 levels left

rFire   + . .      SeeInvis .   a - +8 broad axe (vorpal)
rCold   + + .      Faith    .   c - +4 kite shield {rC+}
rNeg    . . .      Spirit   .   G - +7 Kryia's mail coat {PotionHeal*2 rC+}
rPois   .          Reflect  +   U - +0 hat {Stlth+}
rElec   .          Harm     .   u - +2 cloak
rCorr   .          Rampage  .   T - +0 pair of fencer's gloves {Riposte Dex+3}
Will    +....                   H - +1 pair of boots
Stlth   +.........              q - amulet "Xomyodic" {Reflect Fly MP-9 Str+3 Dex+3 SH+5}
HPRegen 0.33/turn               C - ring of fire
MPRegen 0.15/turn               v - ring of protection from cold

@: paralysed, flying
A: reduced essence, horns 2, retaliatory headbutt
a: Renounce Religion, Recall Ancestor, Ancestor Identity, Transference, Idealise


You were on level 2 of the Swamp.
You worshipped Hepliaklqana.
Hepliaklqana was extremely pleased with you.
You visited 4 branches of the dungeon, and saw 23 of its levels.
You also visited: Ossuary, Bailey and Ice Cave.

You collected 3318 gold pieces.
You spent 1333 gold pieces at shops.

Inventory:

Hand Weapons
 a - a +8 vorpal broad axe (weapon)
 g - a +4 broad axe
 w - a +1 morningstar of protection
Missiles
 K - 6 datura-tipped darts (quivered)
 Q - 8 curare-tipped darts
 X - 3 throwing nets
Armour
 c - a +4 kite shield of cold resistance (worn)
 u - a +2 cloak (worn)
 G - the +7 Kryia's mail coat (worn) {PotionHeal*2 rC+}
   (You found it on level 5 of the Dungeon)

   Potions are twice as effective at healing its wearer.
   rC:        It protects you from cold.
 H - a +1 pair of boots (worn)
 N - the +0 pair of gloves of Fatwyc {Fly rN+ Dex+4}
   (You found it on level 9 of the Dungeon)

   Dex:       It affects your dexterity (+4).
   rN:        It protects you from negative energy.
   Fly:       It grants you flight.
 T - the +0 pair of fencer's gloves (worn) {Riposte Dex+3}
   (You acquired it on level 1 of the Swamp)

   It allows the wearer to riposte with melee weapons, swiftly retaliating
   against missed or blocked melee attacks.
   Dex:       It affects your dexterity (+3).
 U - a +0 hat of stealth (worn)
 Y - the +7 scale mail "Imas" {rElec rF++ Int+2}
   (You found it on level 15 of the Dungeon)

   Int:       It affects your intelligence (+2).
   rF:        It greatly protects you from fire.
   rElec:     It insulates you from electricity.
Magical Staves
 B - a staff of air
Jewellery
 q - the amulet "Xomyodic" (around neck) {Reflect Fly MP-9 Str+3 Dex+3 SH+5}
   (You acquired it on level 11 of the Dungeon)

   [amulet of reflection]

   It reflects blocked missile attacks.
   Str:       It affects your strength (+3).
   Dex:       It affects your dexterity (+3).
   MP:        It affects your magic capacity (-9).
   Fly:       It grants you flight.
   SH:        It affects your SH (+5).
 v - a ring of protection from cold (right hand)
 C - a ring of fire (left hand)
 F - a ring of poison resistance
Wands
 x - a wand of flame (25)
 y - a wand of mindburst (19)
 E - a wand of charming (11)
 O - a wand of polymorph (4)
 V - a wand of roots (30)
 W - a wand of digging (9)
Scrolls
 d - 7 scrolls of fear
 e - 9 scrolls of blinking
 f - 12 scrolls of teleportation
 i - a scroll of torment
 m - 2 scrolls of silence
 o - 3 scrolls of noise
 r - 3 scrolls of vulnerability
 s - a scroll of summoning
 I - 3 scrolls of fog
 M - 7 scrolls of magic mapping
 P - 5 scrolls of immolation
 S - 2 scrolls of poison
Potions
 b - 2 potions of attraction
 h - 3 potions of resistance
 j - 4 potions of invisibility
 k - 3 potions of might
 l - a potion of ambrosia
 n - 5 potions of flight
 p - 11 potions of curing
 z - 5 potions of lignification
 J - 3 potions of cancellation
 L - 9 potions of haste
 R - 2 potions of magic
Miscellaneous
 t - a phantom mirror
 A - a tin of tremorstones (2/2)
 D - a box of beasts
 Z - a lightning rod (4/4)


   Skills:
 + Level 18.3 Fighting
 - Level 18.0 Axes
 - Level 10.5 Armour
 - Level 7.5 Dodging
 * Level 13.7 Shields
 + Level 14.3 Invocations


You had 15 spell levels left.
You didn't know any spells.
Your spell library contained the following spells:

 Spells                   Type           Power      Damage    Failure   Level
 Apportation              Tloc           0%         N/A       87%         1
 Foxfire                  Conj/Fire      0%         2x1d4     87%         1
 Magic Dart               Conj           0%         1d3       87%         1
 Necrotise                Necr           0%         1d4       87%         1
 Sandblast                Erth           0%         2d4       87%         1
 Summon Small Mammal      Summ           0%         N/A       87%         1
 Blink                    Tloc           0%         N/A       95%         2
 Ensorcelled Hibernation  Hex/Ice        0%         N/A       95%         2
 Passwall                 Tmut/Erth      0%         N/A       95%         2
 Poisonous Vapours        Pois/Air       0%         N/A       95%         2
 Searing Ray              Conj           0%         2d4       95%         2
 Call Canine Familiar     Summ           0%         N/A       99%         3
 Conjure Flame            Conj/Fire      0%         6-21      99%         3
 Gell's Gravitas          Tloc           0%         N/A       99%         3
 Ignite Poison            Fire/Tmut/Pois 0%         N/A       99%         3
 Inner Flame              Hex/Fire       0%         N/A       99%         3
 Lesser Beckoning         Tloc           0%         N/A       99%         3
 Portal Projectile        Hex/Tloc       0%         N/A       99%         3
 Spider Form              Tmut/Pois      0%         N/A       99%         3
 Stone Arrow              Conj/Erth      0%         3d7       99%         3
 Teleport Other           Tloc           0%         N/A       99%         3
 Anguish                  Hex/Necr       0%         N/A       100%        4
 Corpse Rot               Necr/Pois/Air  0%         N/A       100%        4
 Flame Wave               Conj/Fire      0%         2d4       100%        4
 Fulminant Prism          Conj/Hex       0%         3d6       100%        4
 Iskenderun's Mystic Bla  Conj/Tloc      0%         2d3       100%        4
 Leda's Liquefaction      Hex/Erth       0%         N/A       100%        4
 Sticky Flame             Conj/Fire      0%         2d3       100%        4
 Lee's Rapid Deconstruct  Erth           0%         3d5*      100%        5
 Manifold Assault         Tloc           0%         N/A       100%        5
 Conjure Ball Lightning   Conj/Air       0%         3x3d6     100%        6
 Dispersal                Tloc           0%         N/A       100%        6
 Simulacrum               Ice/Necr       0%         N/A       100%        6
 Enfeeble                 Hex            0%         N/A       100%        7
 Discord                  Hex            0%         N/A       100%        8
 Disjunction              Tloc           0%         N/A       100%        8


Dungeon Overview and Level Annotations

Branches:
Dungeon (15/15)            Temple (0/1) D:5            Lair (4/5) D:9
  Swamp (2/4) Lair:2       Spider (0/4) Lair:2        Slime (0/5) Lair:4
    Orc (2/2) D:12            Elf (0/3) Orc:2        Vaults (0/5) D:14
 Depths (0/4) D:15        Ossuary (visited)          Bailey (visited)
  IceCv (visited)

Altars:
Ashenzari
Hepliaklqana
Kikubaaqudgha
Makhleb
Nemelex Xobeh
Okawaru
Trog
Vehumet
Zin
The Shining One
Jiyva

Shops:
D:1 !   D:9 (   Orc:1 :   Orc:2 *??(

Annotations:
D:6 exclusion: downstairs
D:9 1 runed translucent door, 2 exclusions
D:11 exclusion: door
D:13 2 runed translucent doors, exclusion: 2 doors, xelsha's ghost, journeyman SpWr
D:14 exclusion: downstairs
Lair:3 exclusion: downstairs
Orc:1 exclusion: downstairs
Orc:2 !st roka - nasty disperal trap


Innate Abilities, Weirdness & Mutations

Your life essence is reduced to manifest your ancestor. (-10% HP)
You have a pair of horns on your head.
You reflexively headbutt those who attack you in melee.


Message History

You headbutt the fenstrider witch!
You riposte.
You slice the fenstrider witch!!
Your headbutt misses the fenstrider witch.
The fenstrider witch is heavily wounded.
The fenstrider witch closely misses you.
A bunyip comes into view.
You slice the fenstrider witch!!
You headbutt the fenstrider witch, but do no damage.
The fenstrider witch is almost dead.
The bunyip howls a warning cry!
The bunyip claws Jimmeh!! x2
Jimmeh is destroyed!
The fenstrider witch points at you and mumbles some strange words.
You suddenly lose the ability to move!
The bunyip gives a hideous shriek!
The fenstrider witch hits you! The fenstrider witch kicks you!
A spriggan rider comes into view. It is wielding a +0 spear.
A swamp dragon comes into view.
The spriggan rider throws a stone.
The stone hits you.
The fenstrider witch casts a spell at you.
Your body is wracked with pain!
* * * LOW HITPOINT WARNING * * *
The fenstrider witch casts a spell at you.
You shrug off the repeated paralysis!
The spriggan rider throws a stone.
The stone hits you!
* * * LOW HITPOINT WARNING * * *
The tyrant leech bites you!
* * * LOW HITPOINT WARNING * * *
The tyrant leech draws strength from your injuries!
The fenstrider witch gestures at you while chanting.
Your body is wracked with pain!
* * * LOW HITPOINT WARNING * * *
The spriggan rider throws a stone.
The stone hits you.
* * * LOW HITPOINT WARNING * * *
The fenstrider witch gestures at you while chanting.
Your body is wracked with pain!
* * * LOW HITPOINT WARNING * * *
The bunyip claws you but does no damage. x2
The bunyip claws you!!
You die...

~~.~~~.....♣♣♣~...~.~
~.......>...~♣.~~~..♣
~..~.~~~~~~~..~~~...♣♣
~~...~~~~~~~..~~~~~..♣
~~.♣.~~~~~..♣♣§~D~~.~♣
~~§♣♣~~....♣♣~.~~...♣♣
..♣♣♣♣.~~~♣♣♣§....~~.♣..
....♣~.~~~.~.§.xx~~.~...
..♣....~~~~~§..w@......i
♣♣~♣♣.†~~†~.~~H.~.≈≈≈≈
♣♣ ♣..~~~.......~≈≈≈≈
♣.~~~~.♣~..~..≈≈≈≈
♣♣♣~~~~♣~§..~~≈≈≈≈
♣~~.~♣♣~.♣..~.≈≈
♣.....~§♣♣♣♣...≈
♣♣.~.~~.♣ .~~. ♣♣..♣♣.~


You could see 2 bunyips, a swamp dragon, a fenstrider witch, a tyrant leech and
a spriggan rider.

Vanquished Creatures
  Saint Roka (Orc:2)
  The ghost of Yolobob the Warrior, an adept DjHW of Makhleb (Swamp:1)
  Gastronok (Lair:1)
  The ghost of harry2680 the Bludgeoner, a journeyman MiBe of Trog (Swamp:1)
  An orc warlord (Orc:1)
  A reaper (IceCv)
  3 eleionomae
  Azrael (D:15)
  2 bunyips
  A dire elephant (D:15)
  2 ogre magi (D:15)
  A vault guard (Bailey)
  5 hydras
  4 boulder beetles
  12 two-headed ogres
  2 tengu warriors
  An alligator (Swamp:1)
  5 centaur warriors
  The ghost of diceflayer the Nimble, a novice DsHu of Okawaru (D:9)
  3 orc high priests (Orc:2)
  Nergalle (D:11)
  A fire crab (shapeshifter) (D:15)
  Amaemon (Lair:2)
  3 goliath frogs
  A skeletal warrior (D:11)
  A bog body (Swamp:2)
  A swamp dragon (Swamp:2)
  2 orc knights
  2 deep elf pyromancers
  4 wolf spiders (D:15)
  8 cyclopes
  An orc sorcerer (Orc:2)
  9 ugly things
  2 will-o-the-wisps (Swamp:1)
  3 elephants (Lair:4)
  2 black mambas
  A black mamba (shapeshifter) (D:11)
  2 ice statues (IceCv)
  A naga mage (D:15)
  2 gargoyles
  7 cane toads
  An unseen horror (D:13)
  An orange demon (Lair:2)
  7 komodo dragons
  A kobold demonologist (D:12)
  3 rime drakes
  2 freezing wraiths (D:15)
  5 ice devils (IceCv)
  A troll (shapeshifter) (D:11)
  5 trolls
  Grinder (D:4)
  2 polar bears
  7 blink frogs
  2 tyrant leeches (Swamp:1)
  3 slime creatures
  A hornet (Lair:4)
  A dream sheep (Lair:4)
  A spriggan (Swamp:1)
  2 wraiths
  3 dire elephant simulacra (IceCv)
  25 yaks
  3 basilisks
  5 wyverns
  18 humans
  A fire elemental (D:15)
  12 vampire mosquitoes
  4 wargs
  An acid dragon (D:10)
  9 water moccasins
  A harpy simulacrum (IceCv)
  4 swamp worms
  3 hydra simulacra (IceCv)
  Duvessa (D:7)
  2 hell hounds (D:15)
  9 orc warriors
  An ice beast (D:6)
  A sky beast (D:6)
  2 black bears
  5 centaurs
  5 ogres
  11 wolves
  4 boggarts (D:15)
  4 elf zombies (Ossuary)
  11 bullfrogs
  2 kobold brigands
  A two-headed ogre simulacrum (IceCv)
  3 scorpions
  6 wights (D:7)
  Dowan (D:7)
  4 killer bees
  4 electric eels
  A howler monkey (D:5)
  2 hounds
  2 jellies
  18 orc priests
  2 gnoll boudas
  5 iguanas
  18 orc wizards
  A wolf simulacrum (IceCv)
  3 mummies
  10 adders
  4 gnolls
  A naga simulacrum (IceCv)
  A hound simulacrum (D:3)
  A shadow imp (D:7)
  A white imp (D:7)
  An adder zombie (Ossuary)
  7 worms
  A dart slug (D:4)
  40 orcs
  10 bats
  10 endoplasms
  4 giant cockroaches
  10 goblins
  7 hobgoblins
  8 jackals
  3 quokkas
  7 ball pythons
  A ball python simulacrum (D:3)
  A frilled lizard (D:3)
  3 goblin zombies (Ossuary)
  11 hobgoblin zombies (Ossuary)
  A jackal simulacrum (D:3)
  A jackal zombie (Ossuary)
  12 kobolds
  8 kobold zombies (Ossuary)
  6 orc zombies (Ossuary)
  A quokka simulacrum (D:3)
  7 rats
  3 rat zombies (Ossuary)
549 creatures vanquished.

Vanquished Creatures (collateral kills)
  Kirke (Lair:4)
  2 bunyips
  5 boulder beetles
  A vault guard (Bailey)
  5 hydras
  Erolcha (D:11)
  A catoblepas (Lair:4)
  A ghost crab (Swamp:1)
  2 alligators
  Erica (Lair:2)
  A two-headed ogre (D:12)
  2 death knights
  An orc high priest (Orc:2)
  A skeletal warrior (D:11)
  A spriggan druid (Swamp:1)
  A goliath frog (Swamp:2)
  3 deep elf pyromancers
  An ugly thing (D:14)
  3 will-o-the-wisps
  An elephant (Lair:4)
  Joseph (D:7)
  A torpor snail (Lair:2)
  A black mamba (Lair:3)
  4 cane toads
  A rime drake (Lair:2)
  Psyche (D:10)
  A komodo dragon (Lair:4)
  2 anaconda simulacra (IceCv)
  2 ice devils (IceCv)
  3 trolls
  Prince Ribbit (D:7)
  2 hornets (Lair:4)
  A blink frog (Lair:2)
  A slime creature (D:11)
  2 dream sheep (Lair:4)
  2 water elementals
  A spriggan (Swamp:1)
  19 yaks
  2 humans
  2 fire elementals (D:15)
  A golden eye (Lair:3)
  2 wyverns
  3 hogs (Lair:4)
  Grum (D:9)
  A steam dragon (D:10)
  4 vampire mosquitoes
  A warg (Orc:1)
  A harpy simulacrum (IceCv)
  A swamp worm (Swamp:1)
  5 water moccasins
  A black bear (D:9)
  8 orc warriors
  2 sky beasts
  3 wolves
  5 ogres
  A centaur (D:8)
  A phantom (D:5)
  9 bullfrogs
  4 scorpions
  3 wights (D:7)
  5 killer bees (D:9)
  The ghost of doomedcactus the Ruffian, a weakling DrTm (D:3)
  A gnoll bouda (D:10)
  16 orc priests
  An iguana (D:5)
  13 orc wizards
  A polar bear simulacrum (IceCv)
  2 gnolls
  2 adders (D:6)
  A hound simulacrum (D:3)
  A white imp (D:5)
  A worm (Lair:2)
  24 orcs
  A goblin (Bailey)
  5 kobolds
  A quokka simulacrum (D:3)
  2 butterflies (Lair:2)
220 creatures vanquished.

Vanquished Creatures (others)
  A hydra (Swamp:1)
  2 bloated husks
  An orc priest (Orc:2)
  23 battlemagi
  A demonic plant (D:2)
  12 foxfires
  49 fungi
  83 plants
  2 withered plants (D:2)
174 creatures vanquished.

Grand Total: 943 creatures vanquished

Notes
Turn   | Place    | Note
-------+----------+-------------------------------------------
     0 | D:1      | nightchill the Minotaur Fighter began the quest for the
                  | Orb.
     0 | D:1      | Reached XP level 1. HP: 19/19 MP: 0/0
   227 | D:1      | Reached XP level 2. HP: 27/27 MP: 1/1
   263 | D:1      | Got the Codex of Numb Arcane Weapons
   325 | D:1      | Found Ehut's Distillery.
   978 | D:1      | Reached XP level 3. HP: 33/33 MP: 2/2
  1699 | D:2      | Found a radiant altar of Vehumet.
  1873 | D:2      | Found a faded altar of an unknown god.
  2525 | D:3      | Reached XP level 4. HP: 41/41 MP: 3/3
  2543 | D:3      | Reached skill level 5 in Axes
  2978 | D:3      | Noticed doomedcactus's ghost (weakling DrTm)
  3006 | D:3      | Found a runed translucent gate.
  3006 | D:3      | Found a runed translucent gate.
  3006 | D:3      | Found a runed translucent gate.
  3255 | D:3      | Reached XP level 5. HP: 47/47 MP: 4/4
  3261 | D:3      | Reached skill level 5 in Fighting
  3276 | D:3      | Found a hazy altar of Hepliaklqana.
  3397 | D:3      | Became a worshipper of Hepliaklqana the Forgotten
  3774 | D:4      | Found a glowing silver altar of Zin.
  3856 | D:4      | Found a sand-covered staircase.
  3865 | Ossuary  | Entered an ossuary
  3999 | Ossuary  | Reached XP level 6. HP: 20/56 MP: 5/5
  4520 | D:4      | Found a broken altar of Ashenzari.
  4527 | D:4      | Reached XP level 7. HP: 63/63 MP: 6/6
  4579 | D:4      | Found an ancient bone altar of Kikubaaqudgha.
  4939 | D:4      | Noticed Grinder
  4948 | D:4      | Killed Grinder
  5248 | D:5      | Entered Level 5 of the Dungeon
  5259 | D:5      | Reached * piety under Hepliaklqana
  5494 | D:5      | Found a staircase to the Ecumenical Temple.
  5737 | D:5      | Reached XP level 8. HP: 42/65 MP: 5/7
  6026 | D:5      | Found the +7 Kryia's mail coat {PotionHeal*2 rC+}
  6457 | D:6      | Reached skill level 10 in Axes
  6508 | D:6      | Reached skill level 1 in Invocations
  6687 | D:6      | Reached ** piety under Hepliaklqana
  6688 | D:6      | Remembered your ancestor Jimmeh as a battlemage
  7512 | D:6      | Reached XP level 9. HP: 51/73 MP: 5/10
  7716 | D:7      | Noticed Dowan
  7720 | D:7      | Killed Dowan
  7723 | D:7      | Noticed Duvessa
  7728 | D:7      | Killed Duvessa
  7729 | D:7      | Noticed Prince Ribbit
  7735 | D:7      | Killed Prince Ribbit
  8106 | D:7      | Found a sparkling altar of Nemelex Xobeh.
  8170 | D:7      | Identified the +5 falchion "Yjauptum" {vorpal, rC+ rCorr
                  | Str-3 Int+4}
  8187 | D:7      | You fall into a shaft and drop 1 floor!
  8378 | D:7      | Noticed Joseph
  8385 | D:7      | Killed Joseph
  8386 | D:7      | Reached skill level 10 in Fighting
  8386 | D:7      | Reached skill level 5 in Invocations
  8387 | D:7      | Reached XP level 10. HP: 82/83 MP: 12/12
  8420 | D:8      | Found a flagged portal.
  8429 | Bailey   | Entered a bailey
  8678 | Bailey   | Noticed a vault guard
  8688 | Bailey   | Killed a vault guard
  8763 | Bailey   | Noticed a vault guard
  8785 | Bailey   | Killed a vault guard
  9110 | D:8      | Found a radiant altar of Vehumet.
  9160 | D:8      | Reached *** piety under Hepliaklqana
  9784 | D:9      | Noticed diceflayer's ghost (novice DsHu)
  9785 | D:9      | Noticed a two-headed ogre
  9788 | D:9      | Found a runed translucent gate.
  9788 | D:9      | Found a runed translucent gate.
  9788 | D:9      | Found a runed translucent gate.
  9914 | D:9      | Found a sparkling altar of Nemelex Xobeh.
  9914 | D:9      | Noticed a centaur warrior
  9914 | D:9      | Noticed a boulder beetle
  9936 | D:9      | Killed a boulder beetle
  9937 | D:9      | Reached skill level 15 in Axes
  9937 | D:9      | Reached XP level 11. HP: 70/91 MP: 6/15
  9946 | D:9      | Killed a centaur warrior
 10306 | D:9      | Found a runed translucent door.
 10306 | D:9      | Noticed a sixfirhy
 10422 | D:9      | Found Laotiari's Weapon Emporium.
 10728 | D:9      | Found a staircase to the Lair.
 10946 | D:9      | Found an iron altar of Okawaru.
 10947 | D:9      | Found a glowing golden altar of the Shining One.
 11011 | D:9      | Noticed a two-headed ogre
 11101 | D:9      | Noticed Grum
 11106 | D:9      | Killed Grum
 11250 | Lair:1   | Entered Level 1 of the Lair of Beasts
 11712 | Lair:1   | Reached **** piety under Hepliaklqana
 11867 | Lair:1   | Noticed Gastronok
 11880 | Lair:1   | Killed Gastronok
 12026 | Lair:1   | Reached XP level 12. HP: 86/101 MP: 14/17
 12900 | Lair:2   | Found a staircase to the Swamp.
 12900 | Lair:2   | Reached ***** piety under Hepliaklqana
 12900 | Lair:2   | Noticed a five-headed hydra
 12915 | Lair:2   | Killed a five-headed hydra
 13117 | Lair:2   | Noticed Amaemon
 13127 | Lair:2   | Killed Amaemon
 13202 | Lair:2   | Noticed a boulder beetle
 13215 | Lair:2   | Killed a boulder beetle
 13291 | Lair:2   | Noticed Erica
 13294 | Lair:2   | Found a hole to the Spider Nest.
 13297 | Lair:2   | Killed Erica
 13322 | Lair:2   | Reached skill level 5 in Armour
 13532 | Lair:2   | Reached skill level 5 in Shields
 13543 | Lair:2   | Reached skill level 10 in Invocations
 13795 | Lair:3   | Noticed Sonja
 13800 | Lair:3   | Noticed Sonja
 13800 | Lair:3   | Sonja changed into Sonja the golden eye
 13804 | Lair:3   | Killed Sonja the golden eye
 13926 | Lair:3   | Noticed an eight-headed hydra
 13933 | Lair:3   | Killed an eight-headed hydra
 14249 | Lair:3   | Reached XP level 13. HP: 105/111 MP: 17/19
 14968 | Lair:4   | Reached skill level 1 in Dodging
 14986 | Lair:4   | Found a staircase to the Slime Pits.
 14986 | Lair:4   | Found a viscous altar of Jiyva.
 15705 | Lair:4   | Reached skill level 15 in Fighting
 15777 | Lair:4   | Noticed Kirke
 15785 | Lair:4   | Killed Kirke
 16336 | D:10     | Entered Level 10 of the Dungeon
 16370 | D:10     | Identified the +0 ring mail of Kyameota {+Inv Dex+6}
 17061 | D:10     | Noticed Psyche
 17067 | D:10     | Killed Psyche
 17164 | D:11     | Reached skill level 5 in Dodging
 17275 | D:11     | Noticed Erolcha
 17286 | D:11     | Killed Erolcha
 18076 | D:11     | Identified 2 scrolls of acquirement
 18076 | D:11     | Acquired 1072 gold pieces
 18241 | D:11     | Acquired the amulet "Xomyodic" {Reflect Fly MP-9 Str+3
                  | Dex+3 SH+5}
 18347 | D:11     | Noticed Nergalle
 18359 | D:11     | Killed Nergalle
 18360 | D:11     | Reached XP level 14. HP: 121/121 MP: 5/21
 19212 | D:11     | Identified the +1 ring mail "Gityaps" {rCorr Dex+3 Stlth+}
 19987 | D:12     | Found a staircase to the Orcish Mines.
 20204 | Orc:1    | Entered Level 1 of the Orcish Mines
 20204 | Orc:1    | Found Veoklann's Book Emporium.
 20219 | Orc:1    | Reached skill level 10 in Armour
 20416 | Orc:1    | Noticed an orc warlord
 20427 | Orc:1    | Killed an orc warlord
 20443 | Orc:1    | Found a frozen archway.
 20469 | IceCv    | Entered an ice cave
 21001 | IceCv    | Noticed a reaper
 21012 | IceCv    | Killed a reaper
 21231 | Orc:1    | Found a bloodstained altar of Trog.
 21641 | Orc:2    | Entered Level 2 of the Orcish Mines
 21683 | Orc:2    | Noticed Saint Roka
 22088 | Orc:2    | Found a staircase to the Elven Halls.
 23073 | Orc:2    | Killed Saint Roka
 23444 | Orc:2    | Found Kuangir's Assorted Antiques.
 23444 | Orc:2    | Found Oruwuq's Magic Scroll Emporium.
 23449 | Orc:2    | Found Benkut's Magic Scroll Shoppe.
 23449 | Orc:2    | Found Kefygyox's Weapon Emporium.
 24030 | Orc:2    | Found a burning altar of Makhleb.
 24124 | Orc:2    | Bought a scroll of magic mapping for 135 gold pieces
 24124 | Orc:2    | Bought a scroll of blinking for 135 gold pieces
 24124 | Orc:2    | Bought 2 scrolls of teleportation for 108 gold pieces
 24124 | Orc:2    | Bought a scroll of blinking for 135 gold pieces
 24124 | Orc:2    | Bought a scroll of brand weapon for 171 gold pieces
 24127 | Orc:2    | Bought a scroll of teleportation for 42 gold pieces
 24127 | Orc:2    | Bought a scroll of fear for 56 gold pieces
 24128 | Orc:2    | Bought a potion of curing for 102 gold pieces
 24128 | Orc:2    | Bought a scroll of teleportation for 102 gold pieces
 24128 | Orc:2    | Bought a scroll of teleportation for 102 gold pieces
 24128 | Orc:2    | Bought a potion of curing for 102 gold pieces
 24389 | D:1      | Bought a potion of curing for 33 gold pieces
 24389 | D:1      | Bought a potion of curing for 33 gold pieces
 24389 | D:1      | Bought a potion of might for 44 gold pieces
 24389 | D:1      | Bought a potion of lignification for 33 gold pieces
 24659 | D:13     | Found a large runed translucent door.
 24659 | D:13     | Found a large runed translucent door.
 25051 | D:13     | Reached XP level 15. HP: 126/131 MP: 14/23
 25959 | D:13     | Noticed xelsha's ghost (journeyman SpWr)
 26059 | D:9      | Killed diceflayer's ghost
 26093 | D:9      | Identified the +0 pair of gloves of Fatwyc {Fly rN+ Dex+4}
 26619 | D:14     | Identified the +5 long sword of the Postmodern Heavens
                  | {speed, MP+9 Str+2 Int-4 Dex+4}
 26726 | D:14     | Found a gate to the Vaults.
 26769 | D:14     | Reached skill level 10 in Shields
 26950 | D:15     | Entered Level 15 of the Dungeon
 27168 | D:15     | Noticed Azrael
 27430 | D:3      | Killed doomedcactus's ghost
 27860 | D:15     | Killed Azrael
 28088 | D:15     | Found a staircase to the Depths.
 28822 | D:15     | Identified the +7 scale mail "Imas" {rElec rF++ Int+2}
 29284 | Swamp:1  | Entered Level 1 of the Swamp
 30099 | Swamp:1  | Reached XP level 16. HP: 141/141 MP: 16/25
 30133 | Swamp:1  | Found a runed translucent gate.
 30133 | Swamp:1  | Found a runed translucent gate.
 30133 | Swamp:1  | Found a runed translucent gate.
 30134 | Swamp:1  | Noticed harry2680's ghost (journeyman MiBe)
 30135 | Swamp:1  | Noticed Yolobob's ghost (adept DjHW)
 30151 | Swamp:1  | Acquired the +0 pair of fencer's gloves {Riposte Dex+3}
 30151 | Swamp:1  | Found the +0 pair of fencer's gloves {Riposte Dex+3}
 30427 | Swamp:1  | Killed Yolobob's ghost
 30434 | Swamp:1  | Killed harry2680's ghost
 31465 | Swamp:2  | Paralysed by a fenstrider witch for 4 turns
 31469 | Swamp:2  | Demolished by a bunyip

Illustrated notes

Levels and vault maps discovered:
D:1:      scummos_arrival_simple_crosswalls, layout_basic, serial_shops,
          nicolae_diamond_shop
D:2:      layout_basic, shapermc_ecumenical_altar_gd, basic_altar
D:3:      minmay_spotlight, layout_basic, nicolae_hepliaklqana_hippocampus,
          gammafunk_ghost_icy, roderic_roman_lattice, st_stairs_14,
          minmay_quantized
D:4:      layout_loops_ring, nicolae_kikubaaqudgha_miasma_corner, zin_statuary,
          ashenzari_altar_1, gup_ossuary_entry_pyramid, uniq_grinder
D:5:      layout_loops_cross, temple_statues
D:6:      layout_basic, minmay_increasing_density
D:7:      layout_rooms, nemelex_diamond_rough_becter, serial_glass,
          glass_columns_b, glass_columns_b, uniq_prince_ribbit1, uniq_joseph,
          uniq_duvessa
D:8:      layout_rooms, nicolae_vehumet_radiance, enter_bailey_8,
          nicolae_two_hexagons
D:9:      cheibrodos_shockbox, layout_basic, minitemple,
          due_lair_maze_entry_diamond, serial_shops,
          nicolae_shop_hallway_stairs, gammafunk_ghost_split,
          minmay_fountain_box, minivault_11, minmay_ruined_shrine, uniq_grum
D:10:     layout_loops_ring, serial_rivers, chequers_serial_rivers_large_b,
          chequers_serial_rivers_small_b, chequers_serial_rivers_micro_a,
          chequers_serial_rivers_room_b, chequers_serial_rivers_micro_c,
          chequers_serial_rivers_large_a, nicolae_elevator_lobby_asterisk,
          uniq_psyche
D:11:     minmay_the_grid_triangle_9x9_rhombus_thin
          [minmay_the_grid_triangle_9x9_empty,
          minmay_the_grid_triangle_9x9_prize_insulated,
          minmay_the_grid_triangle_9x9_warning,
          minmay_the_grid_triangle_9x9_semitri], layout_loops_cross,
          hangedman_decor_push, glass_columns_a, uniq_nergalle, uniq_erolcha
D:12:     layout_roguey, orc_0_dummy, minmay_misc_feat_chi
D:13:     layout_basic, ebering_ghost_disaster_area, hangedman_decor_opposing
D:14:     layout_roguey, david_vaults_3
D:15:     hangedman_depths_entry_try_elsewhere_first, layout_basic,
          nrook_pool_corridor, uniq_azrael
Lair:1:   layout_regular_city, uniq_gastronok
Lair:2:   layout_regular_city, minmay_swamp_entry_eels,
          nicolae_spider_entry_non_spiders, grunt_forest_small_clearings,
          lemuel_fruit_fields, lemuel_fruit_tree, uniq_erica, uniq_amaemon
Lair:3:   layout_chaotic_city, infiniplex_staircase_pool_2, uniq_sonja
Lair:4:   cheibrodos_lair_overgrown_chateau, layout_hall_layers, slime_entry_1,
          dreamdust_gnoll_shepherd, uniq_kirke
Swamp:1:  layout_basic_swamp, gammafunk_ghost_cemetery,
          evilmike_swamp_ruin_house_1, swamp_pool1
Swamp:2:  layout_basic_swamp, nicolae_swamp_bean_lake, infiniplex_staircase_pool
Orc:1:    layout_caves, basic_altar, portal_ice_cave_entry_pillars_2,
          serial_shops, nicolae_diamond_shop
Orc:2:    st_orc_mages, layout_caves, lemuel_statue_altar, uniq_saint_roka

Skill      XL: |  1  2  3  4  5  6  7  8  9 10 11 12 13 14 15 16 |
---------------+-------------------------------------------------+-----
Axes           | 3 4 5 6 7 9 11 13 15 17 18 | 18.0
Fighting       | 4 5 6 7 8 10 11 12 14 15 16 18 | 18.3
Invocations    | 3 5 6 8 10 11 12 14 | 14.3
Armour         | 6 9 10 | 10.5
Shields        | 5 8 12 13 | 13.7
Dodging        | 5 7 |  7.5

Action                   |  1- 3 |  4- 6 |  7- 9 | 10-12 | 13-15 | 16-18 || total
-------------------------+-------+-------+-------+-------+-------+-------++-------
Melee: War axe           |   124 |   138 |   204 |   263 |       |       ||   729
       Headbutt          |    19 |    20 |    40 |    78 |   185 |    17 ||   359
       Broad axe         |       |       |       |   110 |   695 |    58 ||   863
       Morningstar       |       |       |       |     7 |    35 |       ||    42
Invok: Recall Ancestor   |       |       |     7 |     9 |    21 |     1 ||    38
       Ancestor Identity |       |       |     1 |       |       |       ||     1
       Ancestor Life: Ba |       |       |     1 |       |       |       ||     1
       Idealise          |       |       |       |     4 |    12 |     1 ||    17
       Transference      |       |       |       |       |     1 |       ||     1
Evoke: Wand              |       |       |       |     8 |     2 |       ||    10
       Phantom mirror    |       |       |       |       |     1 |       ||     1
  Use: Potion            |       |     1 |     1 |     3 |     7 |     1 ||    13
       Scroll            |       |       |    19 |     7 |    20 |     2 ||    48
 Stab: Distracted        |       |       |     2 |     5 |    16 |     2 ||    25
Armor: Scale mail        |    57 |    46 |    84 |   205 |   273 |    12 ||   677
Dodge: Dodged            |    50 |    51 |    60 |   146 |   219 |    13 ||   539
Block: Buckler           |    25 |    23 |    25 |    77 |    88 |       ||   238
       Kite shield       |       |       |       |       |   346 |    42 ||   388
       Reflection        |       |       |       |       |    41 |     1 ||    42
       Rpst.: Broad axe  |       |       |       |       |       |    16 ||    16
